 Dungeon Crawl Stone Soup version 0.31-a0-89-g637a80eef8 (webtiles) character file.

Game seed: 15504966764125973874

26 Kenran the Slasher (level 2, -1/26 HPs)
             Began as a Minotaur Monk on May 25, 2023.
             Slain by Terence
             ... wielding a +2 heavy falchion
              (4 damage)
             ... on level 2 of the Dungeon.
             The game lasted 00:01:19 (750 turns).

Kenran the Slasher (Minotaur Monk)                   Turns: 750, Time: 00:01:19

Health: -1/26      AC:  6    Str: 15    XL:     2   Next: 89%
Magic:  1/1        EV: 12    Int:  7    God:
Gold:   98         SH:  0    Dex: 12    Spells: 1/1 levels left

rFire   + . .        a - +0 falchion
rCold   . . .        d - orb {light}
rNeg    + . .        j - +2 leather armour {rF+}
rPois   .            (helmet restricted)
rElec   .            (no cloak)
rCorr   .            f - +0 pair of gloves
SInv    .            (no boots)
Will    .....        (no amulet)
Stlth   +            g - ring of positive energy
HPRegen 0.24/turn    (no ring)
MPRegen 0.07/turn

%: no passive effects
@: glowing
A: horns 2, retaliatory headbutt
a: no special abilities


You were on level 2 of the Dungeon.
You visited 1 branch of the dungeon, and saw 2 of its levels.

You collected 98 gold pieces.

Inventory:

Hand Weapons
 a - a +0 falchion (weapon)
Armour
 d - an orb of light (worn)
 f - a +0 pair of gloves (worn)
 j - a +2 leather armour of fire resistance (worn)
Jewellery
 g - a ring of positive energy (left hand)
Scrolls
 b - a scroll of enchant weapon
 e - a scroll of vulnerability {!r}
 h - a scroll of fear
 k - a scroll of poison {unknown}
Potions
 c - a potion of ambrosia
 i - a potion of lignification {unknown}
 l - a potion of curing {unknown}


   Skills:
 - Level 3.6 Fighting
 + Level 5.0 Long Blades
 - Level 3.2 Dodging


You had one spell level left.
You didn't know any spells.
Your spell library was empty.

Dungeon Overview and Level Annotations

Branches:
Dungeon (2/15)

Altars:

Annotations:
D:2 Terence


Innate Abilities, Weirdness & Mutations

You have a pair of horns on your head.
You reflexively headbutt those who attack you in melee.


Message History

Terence is lightly wounded.
Terence barely misses you.
You hit Terence but do no damage.
Terence is lightly wounded.
Terence barely misses you.
You hit Terence but do no damage.
Terence is lightly wounded.
Terence hits you with a +2 heavy falchion.
You completely miss Terence.
Terence is lightly wounded.
Terence hits you but does no damage. The quokka barely misses you.
You hit Terence but do no damage.
Terence is lightly wounded.
The quokka closely misses you.
You hit Terence.
Terence is moderately wounded.
Terence hits you with a +2 heavy falchion!
The quokka splashes around in the water.
You are too injured to fight recklessly!
You are too injured to fight recklessly!
You are too injured to fight recklessly!
You barely miss Terence.
Terence is moderately wounded.
The quokka barely misses you. Terence closely misses you.
You furiously retaliate!
You headbutt Terence! The quokka bites you.
You hit Terence. You headbutt Terence, but do no damage.
Terence is almost dead.
The quokka barely misses you. You furiously retaliate!
You headbutt the quokka.
You kill the quokka!
Terence closely misses you.
You barely miss Terence. Your headbutt misses Terence.
Terence is almost dead.
You hit Terence but do no damage.
Terence is almost dead.
Terence hits you with a +2 heavy falchion!
* * * LOW HITPOINT WARNING * * *
You hit Terence but do no damage. Your headbutt misses Terence.
Terence is almost dead.
Terence hits you with a +2 heavy falchion.
You die...

#...........#<##..###.
####..#...............
#...##.###.##......
#.†###.# #.###.....
#####....#.###.# .....
#............... .....
#≣............≣# .....
≣.....)..~~..≣ .....
≣≣....@..~..~.≣ .....
≣≣~...~~@.~..~~~
≣~~..~:.~..~..~~
≣~~..~..~⌠.~...~
≣~~...~.⌠~..~..~
≣~~~..~..~..~..~
≣≣~~~..~..~~...~
≣≣.~..~.......≣
≣..~~........≣


You could see Terence.

Vanquished Creatures
  2 endoplasms
  2 giant cockroaches (D:2)
  6 goblins (D:1)
  4 hobgoblins (D:1)
  2 quokkas
  2 ball pythons
  A bat (D:1)
  4 kobolds
23 creatures vanquished.

Notes
Turn   | Place    | Note
-------+----------+-------------------------------------------
     0 | D:1      | Kenran the Minotaur Monk began the quest for the Orb.
     0 | D:1      | Reached XP level 1. HP: 19/19 MP: 0/0
    87 | D:1      | Reached skill level 4 in Long Blades
   132 | D:1      | Reached XP level 2. HP: 15/26 MP: 1/1
   731 | D:2      | Reached skill level 5 in Long Blades
   731 | D:2      | Noticed Terence
   750 | D:2      | Slain by Terence

Illustrated notes

Levels and vault maps discovered:
D:1:      minmay_arrival_doors, layout_basic, minmay_tromino_v4_b
D:2:      cheibrodos_helix_gallery, layout_loops_ring, basic_ecumenical_altar,
          uniq_terence

Skill      XL: |  1  2 |
---------------+-------+-----
Long Blades    | 4 5 |  5.0
Fighting       | |  3.6
Dodging        | |  3.2

Action                     || total
---------------------------++-------
  Melee: Falchion          ||    54
         Headbutt          ||    10
    Use: Scroll            ||     3
 Armour: Ring mail         ||     7
         Leather armour    ||    11
  Dodge: Dodged            ||    43

Table legend: (Time is in decaauts)
 A = Elapsed time spent in this place.
 B = Non-inter-level travel time spent in this place.
 C = Inter-level travel time spent in this place.
 D = Time resting spent in this place.
 E = Time spent auto-exploring this place.
 F = Levels seen in this place.
 G = Mean time per level.
                   A        B        C        D        E       F      G
               +--------+--------+--------+--------+--------+-----+--------+
         Total |    752 |    735 |     17 |     79 |    440 |   2 |  376.0 |
       Dungeon |    752 |    735 |     17 |     79 |    440 |   2 |  376.0 |
               +--------+--------+--------+--------+--------+-----+--------+

Top non-repeatable levels by time:
     D:1: 670 daAuts
     D:2: 82 daAuts
